 Dungeon Crawl Stone Soup version 0.27-a0-1184-ge86db4a01e (webtiles) character file.

Game seed: 16168447456420451837

55708 robertstho the Severer (level 14, -18/199 HPs)
             Began as a Minotaur Berserker on May 18, 2021.
             Was a High Priest of Trog.
             Killed from afar by an ice dragon (33 damage)
             ... with a blast of cold
             ... on level 6 of the Lair of Beasts.
             The game lasted 00:19:07 (16795 turns).

robertstho the Severer (Minotaur Berserker)        Turns: 16795, Time: 00:19:08

Health: -18/199    AC: 20    Str: 26    XL:     14   Next: 39%
Magic:  13/13      EV: 13    Int:  3    God:    Trog [*****.]
Gold:   929        SH:  5    Dex: 13    Spells: 13/13 levels left

rFire    + . .     SeeInvis +   f - +2 battleaxe (elec)
rCold    . . .     Faith    .   (shield currently unavailable)
rNeg     . . .     Spirit   .   w - +0 storm dragon scales
rPois    +         Reflect  +   M - +1 hat "Deutzixt" {Rampage rF+ Slay+3 SInv}
rElec    +         Harm     .   D - scarf {repulsion}
rCorr    +         Rampage  +   G - +1 pair of gloves {Dex+3}
Will     +....                  E - +0 pair of boots
Stlth    ..........             e - amulet of reflection
HPRegen  0.43/turn              b - ring of resist corrosion
MPRegen  0.13/turn              u - ring of poison resistance

@: berserking, unable to read, repel missiles, slow
A: horns 2, retaliatory headbutt, iridescent scales 2, deformed body, dopey 1,
wild magic 2, evolution 1, inability to read while threatened
a: Renounce Religion, Berserk, Trog's Hand, Brothers in Arms


You were on level 6 of the Lair of Beasts.
You worshipped Trog.
Trog was extremely pleased with you.
You visited 2 branches of the dungeon, and saw 14 of its levels.
You also visited: Ossuary.

You collected 929 gold pieces.

Inventory:

Hand Weapons
 a - a +0 hand axe
 f - a +2 battleaxe of electrocution (weapon)
Missiles
 F - 2 curare-tipped darts
Armour
 q - a +0 chain mail of willpower
 w - +0 storm dragon scales (worn)
 D - a scarf of repulsion (worn)
 E - a +0 pair of boots (worn)
 G - a +1 pair of gloves of dexterity (worn)
 M - the +1 hat "Deutzixt" (worn) {Rampage rF+ Slay+3 SInv}
   (You acquired it on level 5 of the Lair of Beasts)

   It affects your accuracy and damage with ranged weapons and melee attacks
   (+3).
   It protects you from fire.
   It lets you see invisible.
   It bestows one free step when moving towards enemies.
Jewellery
 b - a ring of resist corrosion (left hand)
 d - a ring of magical power
 e - an amulet of reflection (around neck)
 j - a ring of fire
 r - a ring of ice
 u - a ring of poison resistance (right hand)
 B - a ring of positive energy
 N - a ring of willpower
Wands
 I - a wand of polymorph (19)
 J - a wand of flame (66)
 K - a wand of digging (13)
Scrolls
 l - 4 scrolls of teleportation {unknown}
 p - a scroll of holy word {unknown}
 s - 4 scrolls of magic mapping {unknown}
 t - 3 scrolls of fog
 v - a scroll of blinking {unknown}
 x - 2 scrolls of enchant armour {unknown}
 y - 3 scrolls of immolation {unknown}
 z - 5 scrolls of enchant weapon
Potions
 c - a potion of heal wounds
 g - 2 potions of flight
 h - 6 potions of curing
 i - 2 potions of resistance
 k - 3 potions of magic
 m - 2 potions of degeneration {unknown}
 n - a potion of brilliance {unknown}
 o - 4 potions of mutation
 A - 2 potions of attraction {unknown}
 C - 2 potions of might
 H - 3 potions of berserk rage {unknown}
 L - a potion of lignification
 O - a potion of haste


   Skills:
 * Level 14.8 Fighting
 + Level 17.2 Axes
 * Level 14.0 Armour
 * Level 11.4 Dodging
 + Level 1.5 Stealth
 + Level 5.3 Shields


You had 13 spell levels left.
You didn't know any spells.
Your spell library was empty.

Dungeon Overview and Level Annotations

Branches:
Dungeon (8/15)             Temple (0/1) D:5            Lair (6/6) D:8
 Shoals (0/4) Lair:4       Spider (0/4) Lair:4      Ossuary (visited)
  Slime: Lair:5-6

Altars:
Dithmenos
Elyvilon
Hepliaklqana
Nemelex Xobeh
Okawaru
Trog
Uskayaw
Wu Jian
Xom
Beogh

Shops:
D:6 [

Annotations:
Lair:6 exclusion: ice statue


Innate Abilities, Weirdness & Mutations

You have a pair of horns on your head.
You reflexively headbutt those who attack you in melee.
You are mostly covered in iridescent scales. (AC +4)
Armour fits poorly on your strangely shaped body.
You are dopey. (Int -2)
Your spells are harder to cast, but more powerful.
You evolve.
You sometimes lose the ability to read scrolls when taking damage.


Message History

The polar bear bites you but does no damage.
The polar bear claws you but does no damage.
You block the polar bear's attack. The water moccasin bites you.
* * * LOW HITPOINT WARNING * * *
Your unstable footing causes you to fumble your attack.
You are engulfed in freezing vapours.
* * * LOW HITPOINT WARNING * * *
The ice dragon closely misses you. You furiously retaliate!
You headbutt the ice dragon!!
The ice dragon claws you but does no damage.
The ice dragon barely misses you. The polar bear bites you.
* * * LOW HITPOINT WARNING * * *
The polar bear claws you but does no damage. x2
Your unstable footing causes you to fumble your attack.
You are engulfed in freezing vapours.
* * * LOW HITPOINT WARNING * * *
You can read scrolls again.
The water moccasin bites you but does no damage.
Unknown command.
Your unstable footing causes you to fumble your attack.
You are engulfed in freezing vapours.
* * * LOW HITPOINT WARNING * * *
The water moccasin bites you but does no damage.
The ice dragon closely misses you. x2
The ice dragon tramples you but does no damage.
The polar bear bites you but does no damage.
The polar bear barely misses you. The polar bear claws you.
* * * LOW HITPOINT WARNING * * *
You miss the water moccasin.
The water moccasin is severely wounded.
You hit the ice dragon. You slice the polar bear!!
The water moccasin closely misses you. You furiously retaliate!
You headbutt the water moccasin!!
You feel the power of Trog in you as your rage grows.
You kill the water moccasin!
Trog accepts your kill. The ice dragon breathes frost at you.
The blast of cold hits you!!
You feel threatened and lose the ability to read scrolls!
You die...

≈≈≈†≈..P≈≈.≈≈≈≈..≈≈≈....
...........?............
........................
=................#......
...#..<..........#......
.........P......<.......
........P.......†.......
.........#............#.
.≈≈≈..........≈≈@.⌠.....
≈≈≈≈........†.≈hD≈...###
.≈≈..≈≈≈..≈≈≈≈..≈≈≈..#
≈≈.≈≈≈≈≈≈≈≈≈≈≈≈.≈≈≈..#
≈...≈≈≈≈≈≈≈≈≈≈...≈≈...#
....≈≈≈≈≈≈≈≈≈≈≈.≈.......
≈≈≈≈≈≈≈≈≈≈≈≈≈≈≈≈≈≈......
.≈≈≈≈≈≈$=?:≈≈≈≈≈≈.......
..≈≈≈≈≈=.8|≈≈≈≈


You could see an ice dragon (catching breath) and a polar bear.

Vanquished Creatures
  Fannar (Lair:2)
  A boulder beetle (Lair:6)
  A catoblepas (Lair:5)
  6 hydras
  15 death yaks
  A sea snake (Lair:6)
  An orb spider (Lair:4)
  17 elephants
  2 oklob plants (Lair:4)
  A torpor snail (Lair:6)
  10 black mambas
  13 cane toads
  16 komodo dragons
  7 rime drakes
  4 polar bears (Lair:6)
  2 wind drakes (Lair:6)
  2 hornets
  19 blink frogs
  Grinder (D:6)
  4 dream sheep (Lair:6)
  Sigmund (D:2)
  4 wyverns
  37 yaks
  Eustachio (D:6)
  5 basilisks
  16 water moccasins
  2 acid dragons (D:8)
  An orc warrior (D:7)
  7 ice beasts (Lair:6)
  3 sky beasts
  A black bear (Lair:5)
  3 ogres
  9 wolves
  2 phantoms (D:5)
  Blork the orc (D:4)
  3 kobold brigands
  8 bullfrogs
  2 water moccasin zombies
  2 scorpions
  3 howler monkeys
  3 electric eels
  4 crimson imps (D:3)
  A bullfrog zombie (D:6)
  4 human zombies (Ossuary)
  5 centaur zombies
  A hound (D:4)
  3 jellies
  2 centaur skeletons
  5 orc priests
  A bullfrog skeleton (D:5)
  4 hound zombies (Ossuary)
  3 hound skeletons
  4 mummies
  A gnoll (D:5)
  7 adders
  3 white imps (Lair:6)
  4 adder zombies (Ossuary)
  A worm (D:3)
  6 dart slugs
  19 orcs
  3 ball pythons (D:1)
  8 endoplasms
  4 giant cockroaches
  A gnoll zombie (Ossuary)
  5 goblins
  6 hobgoblins
  11 jackals
  6 quokkas
  4 bats
  3 frilled lizards
  5 goblin zombies
  5 hobgoblin zombies (Ossuary)
  A jackal zombie (Ossuary)
  21 kobolds
  3 kobold zombies
  5 quokka zombies (Ossuary)
  8 rats
  3 rat zombies (Ossuary)
418 creatures vanquished.

Vanquished Creatures (collateral kills)
  A polar bear (Lair:4)
  2 blink frogs (Lair:4)
  The ghost of bilbop the Magician, an amateur DjVM of Yredelemnul (D:5)
  A wyvern (D:8)
  A basilisk (D:8)
  A wyvern zombie (D:8)
  An orc priest (D:5)
  2 orcs (D:5)
10 creatures vanquished.

Vanquished Creatures (others)
  A bush (Lair:6)
  42 fungi
  72 plants
115 creatures vanquished.

Grand Total: 543 creatures vanquished

Notes
Turn   | Place    | Note
-------+----------+-------------------------------------------
     0 | D:1      | robertstho the Minotaur Berserker began the quest for the
                  | Orb.
     0 | D:1      | Reached XP level 1. HP: 19/19 MP: 0/0
    37 | D:1      | Reached XP level 2. HP: 17/27 MP: 1/1
   283 | D:1      | Reached skill level 4 in Axes
   736 | D:1      | Reached XP level 3. HP: 34/34 MP: 2/2
  1013 | D:1      | Found a faded altar of an unknown god.
  1020 | D:1      | Reached ** piety under Trog
  1671 | D:2      | You fall into a shaft and drop 1 floor!
  2022 | D:2      | Noticed Sigmund
  2033 | D:2      | Killed Sigmund
  2034 | D:2      | Reached skill level 5 in Fighting
  2034 | D:2      | Reached skill level 5 in Axes
  2034 | D:2      | Reached XP level 4. HP: 42/42 MP: 3/3
  2034 | D:2      | Reached XP level 5. HP: 48/48 MP: 4/4
  3024 | D:3      | Found a bloodstained altar of Trog.
  3072 | D:3      | Found a hazy altar of Hepliaklqana.
  3198 | D:3      | Found a shimmering altar of Xom.
  3201 | D:3      | Reached *** piety under Trog
  3202 | D:3      | Reached XP level 6. HP: 56/56 MP: 5/5
  4059 | D:4      | Found a white marble altar of Elyvilon.
  4233 | D:4      | Noticed Blork the orc
  4238 | D:4      | Killed Blork the orc
  4239 | D:4      | Reached XP level 7. HP: 63/63 MP: 6/6
  4242 | D:4      | Found a sand-covered staircase.
  4250 | Ossuary  | Entered an ossuary
  4411 | Ossuary  | Reached skill level 6 in Axes
  4593 | Ossuary  | Reached **** piety under Trog
  5120 | D:5      | Entered Level 5 of the Dungeon
  5156 | D:5      | Found a staircase to the Ecumenical Temple.
  5210 | D:5      | Found a sparkling altar of Nemelex Xobeh.
  5269 | D:5      | Reached skill level 5 in Armour
  5418 | D:5      | Reached skill level 5 in Dodging
  5458 | D:5      | Reached skill level 7 in Axes
  5465 | D:5      | Reached XP level 8. HP: 70/71 MP: 7/7
  6076 | D:5      | Found a runed translucent gate.
  6077 | D:5      | Found a runed translucent gate.
  6078 | D:5      | Found a runed translucent gate.
  6166 | D:5      | Identified the +10 mace of Rotation {chaos, *Corrode Str+5
                  | Dex+5}
  6166 | D:5      | Identified the +1 scale mail "Doesheir" {Int-3 Dex+3}
  6168 | D:5      | Noticed bilbop's ghost (amateur DjVM)
  6291 | D:5      | Reached skill level 8 in Axes
  6296 | D:5      | Killed bilbop's ghost
  6477 | D:6      | Noticed Grinder
  6487 | D:6      | Killed Grinder
  6552 | D:6      | Reached skill level 1 in Shields
  6603 | D:6      | Noticed Eustachio
  6611 | D:6      | Killed Eustachio
  6612 | D:6      | Reached XP level 9. HP: 79/79 MP: 8/8
  6646 | D:6      | Found an ornate altar of the Wu Jian Council.
  6680 | D:6      | Reached skill level 9 in Axes
  6766 | D:6      | Found a hide-covered altar of Uskayaw.
  6806 | D:6      | Found an iron altar of Okawaru.
  6988 | D:6      | Identified the +1 leather armour of the Blind Marksman {rN+
                  | Will+ Stlth+}
  7002 | D:6      | Found Xoodiale's Armour Boutique.
  7220 | D:6      | Gained mutation: Armour fits poorly on your strangely
                  | shaped body. [potion of mutation]
  7220 | D:6      | Gained mutation: Your spells are a little harder to cast,
                  | but a little more powerful. [potion of mutation]
  7220 | D:6      | Gained mutation: You are partially covered in iridescent
                  | scales. (AC +2) [potion of mutation]
  7220 | D:6      | Gained mutation: You evolve. [potion of mutation]
  7646 | D:7      | Reached skill level 10 in Axes
  8360 | D:8      | Found a shadowy altar of Dithmenos.
  8407 | D:8      | Gained mutation: You are mostly covered in iridescent
                  | scales. (AC +4) [evolution]
  8722 | D:8      | Reached skill level 1 in Stealth
  8868 | D:8      | Noticed a six-headed hydra
  8874 | D:8      | Killed a ten-headed hydra
  8875 | D:8      | Reached XP level 10. HP: 73/91 MP: 9/9
  9250 | D:8      | HP: 4/91 [komodo dragon (9)]
  9639 | D:8      | Found a staircase to the Lair.
  9729 | Lair:1   | Entered Level 1 of the Lair of Beasts
  9736 | Lair:1   | Reached skill level 11 in Axes
  9738 | Lair:1   | Reached skill level 10 in Armour
  9739 | Lair:1   | Reached skill level 10 in Fighting
  9925 | Lair:1   | Noticed a black mamba
  9931 | Lair:1   | Killed a black mamba
  9932 | Lair:1   | Reached XP level 11. HP: 37/101 MP: 10/10
 10492 | Lair:1   | Gained mutation: Your spells are harder to cast, but more
                  | powerful. [evolution]
 10536 | Lair:1   | Reached ***** piety under Trog
 10566 | Lair:1   | Reached skill level 12 in Axes
 11286 | Lair:2   | Noticed Fannar
 11301 | Lair:2   | Killed Fannar
 11584 | Lair:2   | Noticed a five-headed hydra
 11592 | Lair:2   | Killed a nine-headed hydra
 12360 | Lair:3   | Noticed an eight-headed hydra
 12363 | Lair:3   | Reached skill level 13 in Axes
 12370 | Lair:3   | Killed an 11-headed hydra
 12607 | Lair:3   | Reached XP level 12. HP: 94/110 MP: 11/11
 13324 | Lair:4   | Gained mutation: You sometimes lose the ability to read
                  | scrolls when taking damage. [evolution]
 13405 | Lair:4   | Noticed a five-headed hydra
 13414 | Lair:4   | Killed a seven-headed hydra
 13447 | Lair:4   | Reached skill level 14 in Axes
 13741 | Lair:4   | Found a hole to the Spider Nest.
 13828 | Lair:4   | Lost mutation: Your spells are harder to cast, but more
                  | powerful. [evolution]
 14015 | Lair:4   | Found a staircase to the Shoals.
 14033 | Lair:4   | Received a gift from Trog
 14035 | Lair:4   | Reached skill level 10 in Dodging
 14048 | Lair:4   | Reached skill level 15 in Axes
 14087 | Lair:4   | Reached XP level 13. HP: 52/119 MP: 12/12
 15173 | Lair:5   | Reached skill level 16 in Axes
 15193 | Lair:5   | Gained mutation: Your spells are harder to cast, but more
                  | powerful. [evolution]
 15325 | Lair:5   | Identified a scroll of acquirement
 15326 | Lair:5   | Acquired the +1 hat "Deutzixt" {Rampage rF+ Slay+3 SInv}
 15836 | Lair:6   | Entered Level 6 of the Lair of Beasts
 15839 | Lair:6   | Reached skill level 5 in Shields
 16005 | Lair:6   | Reached XP level 14. HP: 111/132 MP: 13/13
 16136 | Lair:6   | Received a gift from Trog
 16491 | Lair:6   | Gained mutation: You are dopey. (Int -2) [evolution]
 16619 | Lair:6   | Reached skill level 17 in Axes
 16795 | Lair:6   | Killed from afar by an ice dragon

Illustrated notes

Levels and vault maps discovered:
D:1:      amcnicky_arrival_single_pillar, layout_loops_ring,
          chequers_ecumenical_altar_island, minmay_misc_feat_five, minivault_11
D:2:      layout_loops_corners, uniq_sigmund
D:3:      layout_loops_ring, worldfamousw_hep_ancestral_shrine,
          lemuel_coloured_pillars_altar, led_xom_imps
D:4:      layout_basic, marbit_many_paths, nicolae_ossuary_entry_giza,
          uniq_blork_the_orc
D:5:      layout_loops_corners, nemelex_xobeh_ov_fountains_minmay,
          minmay_temple_entry_waves, biasface_ghost_orc_armoury, minmay_bent
D:6:      layout_rooms, lemuel_doored_altar, kennysheep_mini,
          general_overflow_altar, serial_shops, nicolae_shop_trees,
          serial_corexii_hall, corexii_hall_statues_t, chequers_hall_statues_y,
          nrook_uturn, serial_park_tiny_1, uniq_eustachio, uniq_grinder
D:7:      layout_basic, serial_curves, eino_curves_02, eino_curves_02
D:8:      layout_loops_ring, nicolae_overflow_hidden_temple, erik_lair_dragon
Lair:1:   layout_chaotic_city, st_stairs_8, chequers_serial_rivers_micro_b,
          serial_bayou_pond_a, grunt_megastairs_3
Lair:2:   layout_loops_ring, serial_bayou_shore_a, uniq_fannar
Lair:3:   layout_hall_layers, ldierk_geyser
Lair:4:   layout_loops_ring, elwin_shoals_entry_rocks,
          nicolae_spider_entry_orb_guardian, dpeg_stationary_puzzle,
          grunt_megastairs_1, minmay_lair_oklob_chamber
Lair:5:   layout_hall_layers, nicolae_lair_yak_garden
Lair:6:   gammafunk_lair_ancient_temple, layout_misc_corridors,
          dpeg_slime_entry_enclosed_altar, st_stairs_12,
          chequers_serial_rivers_small_a, ice2_lemuel, serial_bayou_shore_b

Skill      XL: |  1  2  3  4  5  6  7  8  9 10 11 12 13 14 |
---------------+-------------------------------------------+-----
Fighting       | 4 5 6 7 9 10 11 12 14 | 14.8
Axes           | 4 5 7 8 10 11 13 15 16 17 | 17.2
Armour         | 3 5 6 8 10 11 12 13 14 | 14.0
Dodging        | 3 4 5 6 7 8 9 10 11 | 11.4
Shields        | 1 2 4 5 |  5.3
Stealth        | 1 |  1.5

Action                   |  1- 3 |  4- 6 |  7- 9 | 10-12 | 13-15 || total
-------------------------+-------+-------+-------+-------+-------++-------
Melee: Hand axe          |    81 |    84 |       |       |       ||   165
       Headbutt          |     9 |    14 |    62 |    70 |    65 ||   220
       Battleaxe         |       |    12 |   252 |   285 |   264 ||   813
Invok: Berserk           |     2 |     2 |     2 |     7 |     7 ||    20
       Brothers in Arms  |       |       |     1 |     2 |       ||     3
       Trog's Hand       |       |       |       |     2 |       ||     2
  Use: Scroll            |       |     3 |     4 |     1 |     3 ||    11
       Potion            |       |       |     5 |     2 |       ||     7
Armor: Animal skin       |    12 |     6 |       |       |       ||    18
       Chain mail        |       |    15 |    55 |       |       ||    70
       Storm dragon scal |       |       |    64 |   143 |   114 ||   321
Dodge: Dodged            |    48 |    50 |   103 |   138 |   140 ||   479
       Repelled          |       |       |     1 |     1 |     2 ||     4
Block: Buckler           |       |    11 |       |       |       ||    11
       Other             |       |       |    43 |    76 |    52 ||   171
       Reflection        |       |       |     3 |       |     2 ||     5

Table legend: (Time is in decaauts)
 A = Elapsed time spent in this place.
 B = Non-inter-level travel time spent in this place.
 C = Inter-level travel time spent in this place.
 D = Time resting spent in this place.
 E = Time spent auto-exploring this place.
 F = Levels seen in this place.
 G = Mean time per level.
                   A        B        C        D        E       F      G
               +--------+--------+--------+--------+--------+-----+--------+
         Total |  17085 |  16584 |    501 |   1622 |  12563 |  15 | 1139.0 |
       Dungeon |   9345 |   8972 |    373 |    664 |   7135 |   8 | 1168.1 |
          Lair |   7189 |   7062 |    127 |    958 |   5034 |   6 | 1198.2 |
       Ossuary |    551 |    551 |      0 |      0 |    394 |   1 |  551.0 |
               +--------+--------+--------+--------+--------+-----+--------+

Top non-repeatable levels by time:
  Lair:4: 1601 daAuts
  Lair:2: 1460 daAuts
     D:1: 1441 daAuts
     D:8: 1401 daAuts
     D:5: 1345 daAuts
  Lair:1: 1326 daAuts
     D:7: 1137 daAuts
     D:2: 1122 daAuts
     D:3: 1112 daAuts
  Lair:5: 1094 daAuts
     D:4: 990 daAuts
  Lair:6: 853 daAuts
  Lair:3: 853 daAuts
     D:6: 794 daAuts
 Ossuary: 551 daAuts
